3AA
IRVING BLUE SOX @ BARTON SPRINGS BLUES
08/31/2042
 
TOP OF THE 1ST
Irving Blue Sox batting - Pitching for Barton Springs Blues : RHP Brian Patterson
Pitching: RHP Brian Patterson
Batting: LHB Nathan Shallcross 0-0: Called Strike
0-1: Ball
1-1: Swinging Strike
1-2: Foul Ball, location: 2F
1-2: Ball
2-2: Ball
3-2: Strikes out looking
Batting: LHB James Berry 0-0: Ball
1-0: Called Strike
1-1: Foul Ball, location: 2F
1-2: SINGLE (Groundball, 56D, EV 105.6 MPH)
Batting: RHB Julian Lemur 0-0: Ball
1-0: Called Strike
1-1: SINGLE (Groundball, 56D, EV 95.6 MPH)
James Berry to second
Batting: RHB Bob Hill 0-0: Called Strike
0-1: Swinging Strike
0-2: Ball
1-2: SINGLE (Groundball, 34D, EV 98.8 MPH)
James Berry to third
Julian Lemur to second
Throwing error, E9
James Berry scores
Julian Lemur to third
Bob Hill to second
Batting: SHB Ignacio Cabrera 0-0: Called Strike
0-1: Foul Ball, location: 2F
0-2: Strikes out swinging
Batting: RHB Rubén Plumey 0-0: Ground out 6-3 (Groundball, 6, EV 90.0 MPH)
Top of the 1st over - 1 run, 3 hits, 1 error, 2 left on base; Irving 1 - Barton Springs 0
BOTTOM OF THE 1ST
Barton Springs Blues batting - Pitching for Irving Blue Sox : RHP Juan Gonzáles
Pitching: RHP Juan Gonzáles
Batting: RHB Donald Martin 0-0: Called Strike
0-1: Ball
1-1: Ball
2-1: DOUBLE (Line Drive, 78D, EV 109.4 MPH)
Batting: RHB Claudio Corona 0-0: Ground out 5-3 (Groundball, 56, EV 102.5 MPH)
Batting: SHB Bill Gatacre 0-0: Called Strike
0-1: Ball
1-1: Foul Ball, location: 2F
1-2: Fly out, F8 (Flyball, 78D, EV 94.4 MPH)
Batting: LHB Ben Chell 0-0: Foul Ball, location: 2F
0-1: Foul Ball, location: 2F
0-2: Foul Ball, location: 2F
0-2: Strikes out swinging
Bottom of the 1st over - 0 runs, 1 hit, 0 errors, 1 left on base; Irving 1 - Barton Springs 0
TOP OF THE 2ND
Irving Blue Sox batting - Pitching for Barton Springs Blues : RHP Brian Patterson
Batting: RHB Gabriel De La Garza 0-0: Called Strike
0-1: Swinging Strike
0-2: Ball
1-2: Ball
2-2: Ball
3-2: Strikes out swinging
Batting: SHB Alejandro De La Cerdo 0-0: Ball
1-0: Fly out, F8 (Line Drive, 8LM, EV 105.0 MPH)
Batting: RHB David Davis 0-0: Called Strike
0-1: Ball
1-1: SOLO HOME RUN (Flyball, 78XD, EV 98.1 MPH), Distance : 420 ft
Batting: LHB Nathan Shallcross 0-0: Foul Ball, location: 2F
0-1: Called Strike
0-2: Ball
1-2: Ball
2-2: Ball
3-2: Base on Balls
Batting: LHB James Berry 0-0: Ball
1-0: Fly out, F9 (Flyball, 9, EV 74.4 MPH)
Top of the 2nd over - 1 run, 1 hit, 0 errors, 1 left on base; Irving 2 - Barton Springs 0
BOTTOM OF THE 2ND
Barton Springs Blues batting - Pitching for Irving Blue Sox : RHP Juan Gonzáles
Batting: RHB Shawn Mullins 0-0: Foul Ball, location: 2F
0-1: Called Strike
0-2: Ball
1-2: SINGLE (Groundball, 6MD, EV 106.2 MPH)
Batting: RHB Francisco Ortíz 0-0: Swinging Strike
0-1: Ball
Shawn Mullins steals 2nd base
1-1: Ball
2-1: Foul Ball, location: 2F
2-2: Foul Ball, location: 2F
2-2: Ball
3-2: Ground out U3 (Groundball, 34, EV 85.6 MPH)
Shawn Mullins to third
Batting: SHB Fergus Stidston 0-0: Called Strike
0-1: Foul Ball, location: 2F
0-2: Foul Ball, location: 2F
0-2: Ball
1-2: Ball
2-2: Ball
3-2: Foul Ball, location: 2F
3-2: Foul Ball, location: 2F
3-2: Fly out, F8 (Flyball, 8RS, EV 97.5 MPH)
Batting: RHB Ken Rodríguez 0-0: Ball
1-0: Ball
2-0: Called Strike
2-1: Ball
3-1: Base on Balls
Batting: RHB José González 0-0: Ball
1-0: Called Strike
1-1: Ball
2-1: Ball
3-1: Called Strike
3-2: Strikes out swinging
Bottom of the 2nd over - 0 runs, 1 hit, 0 errors, 2 left on base; Irving 2 - Barton Springs 0
TOP OF THE 3RD
Irving Blue Sox batting - Pitching for Barton Springs Blues : RHP Brian Patterson
Batting: RHB Julian Lemur 0-0: Called Strike
0-1: Called Strike
0-2: Strikes out looking
Batting: RHB Bob Hill 0-0: Ball
1-0: Fly out, F9 (Flyball, 9, EV 85.0 MPH)
Batting: SHB Ignacio Cabrera 0-0: Ball
1-0: Fly out, F6 (Flyball, 6MD, EV 93.1 MPH)
Top of the 3rd over - 0 runs, 0 hits, 0 errors, 0 left on base; Irving 2 - Barton Springs 0
BOTTOM OF THE 3RD
Barton Springs Blues batting - Pitching for Irving Blue Sox : RHP Juan Gonzáles
Batting: RHB Donald Martin 0-0: SINGLE (Groundball, 6, EV 100.0 MPH) (infield hit)
Batting: RHB Claudio Corona 0-0: Ball
1-0: Called Strike
1-1: Ground out 4-3 (Groundball, 34S, EV 64.4 MPH)
Donald Martin to second
Batting: SHB Bill Gatacre 0-0: Ball
1-0: Foul Ball, location: 2F
1-1: Ball
2-1: Called Strike
2-2: Reached on error, E8 (Flyball, 8LM, EV 91.9 MPH)
Donald Martin to third
Batting: LHB Ben Chell 0-0: Called Strike
0-1: Grounds into double play, 6-4-3 (Groundball, 6, EV 99.4 MPH)
Bottom of the 3rd over - 0 runs, 1 hit, 1 error, 1 left on base; Irving 2 - Barton Springs 0
TOP OF THE 4TH
Irving Blue Sox batting - Pitching for Barton Springs Blues : RHP Brian Patterson
Batting: RHB Rubén Plumey 0-0: Ball
1-0: Ball
2-0: Ground out 6-3 (Groundball, 6, EV 110.6 MPH)
Batting: RHB Gabriel De La Garza 0-0: Ball
1-0: Ball
2-0: Ball
3-0: Called Strike
3-1: Called Strike
3-2: Strikes out swinging
Batting: SHB Alejandro De La Cerdo 0-0: Foul Ball, location: 2F
0-1: Ball
1-1: Foul Ball, location: 2F
1-2: Strikes out swinging
Top of the 4th over - 0 runs, 0 hits, 0 errors, 0 left on base; Irving 2 - Barton Springs 0
BOTTOM OF THE 4TH
Barton Springs Blues batting - Pitching for Irving Blue Sox : RHP Juan Gonzáles
Batting: RHB Shawn Mullins 0-0: Called Strike
0-1: Ground out 6-3 (Groundball, 6, EV 80.6 MPH)
Batting: RHB Francisco Ortíz 0-0: Called Strike
0-1: Ball
1-1: Ball
2-1: SINGLE (Groundball, 6MS, EV 66.2 MPH) (infield hit)
Batting: SHB Fergus Stidston 0-0: Ball
1-0: Foul Ball, location: 2F
1-1: Fielders Choice at 2nd, 1-6 (Groundball, 23, EV 85.6 MPH)
Batting: RHB Ken Rodríguez 0-0: Swinging Strike
0-1: Called Strike
0-2: Ball
1-2: Strikes out swinging
Bottom of the 4th over - 0 runs, 1 hit, 0 errors, 1 left on base; Irving 2 - Barton Springs 0
TOP OF THE 5TH
Irving Blue Sox batting - Pitching for Barton Springs Blues : RHP Brian Patterson
Batting: RHB David Davis 0-0: Ball
1-0: Ball
2-0: Ball
3-0: Base on Balls
Batting: LHB Nathan Shallcross 0-0: Foul Ball, location: 2F
0-1: Ball
1-1: Foul Ball, location: 2F
1-2: Fly out, F7 (Line Drive, 7D, EV 101.9 MPH)
Batting: LHB James Berry 0-0: Called Strike
David Davis steals 2nd base
0-1: Foul Ball, location: 2F
0-2: Ground out 4-3 (Groundball, 4, EV 78.1 MPH)
David Davis to third
Batting: RHB Julian Lemur 0-0: Ball
1-0: Called Strike
1-1: Foul Ball, location: 2F
1-2: Foul Ball, location: 2F
1-2: Ground out 4-3 (Groundball, 4, EV 88.1 MPH)
Top of the 5th over - 0 runs, 0 hits, 0 errors, 1 left on base; Irving 2 - Barton Springs 0
BOTTOM OF THE 5TH
Barton Springs Blues batting - Pitching for Irving Blue Sox : RHP Juan Gonzáles
Batting: RHB José González 0-0: Ground out U3 (Groundball, 34, EV 92.5 MPH)
Batting: RHB Donald Martin 0-0: Ground out 1-3 (Groundball, 25, EV 78.1 MPH)
Batting: RHB Claudio Corona 0-0: Ball
1-0: Called Strike
1-1: SINGLE (Line Drive, 6MD, EV 107.5 MPH)
Batting: SHB Bill Gatacre 0-0: Fly out, F4 (Flyball, 34D, EV 89.4 MPH)
Bottom of the 5th over - 0 runs, 1 hit, 0 errors, 1 left on base; Irving 2 - Barton Springs 0
TOP OF THE 6TH
Irving Blue Sox batting - Pitching for Barton Springs Blues : RHP Brian Patterson
Batting: RHB Bob Hill 0-0: Called Strike
0-1: Ball
1-1: Foul Ball, location: 2F
1-2: Ball
2-2: Ground out 6-3 (Groundball, 56, EV 106.2 MPH)
Batting: SHB Ignacio Cabrera 0-0: Called Strike
0-1: Ball
1-1: SINGLE (Flyball, 8RS, EV 94.4 MPH)
Batting: RHB Rubén Plumey 0-0: Ball
1-0: Foul Ball, location: 2F
1-1: Foul Ball, location: 2F
1-2: Ball
Ignacio Cabrera steals 2nd base
2-2: 2-RUN HOME RUN (Flyball, 7D, EV 104.4 MPH), Distance : 382 ft
Batting: RHB Gabriel De La Garza 0-0: Called Strike
0-1: Foul Ball, location: 2F
0-2: Ball
1-2: Ball
2-2: Ball
3-2: Foul Ball, location: 2F
3-2: Foul Ball, location: 2F
3-2: Base on Balls
Batting: SHB Alejandro De La Cerdo 0-0: Called Strike
0-1: Fly out, F7 (Flyball, 7D, EV 92.5 MPH)
Batting: RHB David Davis 0-0: Called Strike
0-1: Reached on error, E4 (Groundball, 4M, EV 106.2 MPH)
Gabriel De La Garza to second
Batting: LHB Nathan Shallcross 0-0: Ball
1-0: Hit by Pitch
Gabriel De La Garza to third
David Davis to second
Pitching: RHP Ralph Dunn
Batting: LHB James Berry 0-0: Called Strike
0-1: Foul Ball, location: 2F
0-2: Ball
1-2: Ball
2-2: Foul Ball, location: 2F
2-2: Ball
3-2: Foul Ball, location: 2F
3-2: Foul Ball, location: 2F
3-2: Foul Ball, location: 2F
3-2: SINGLE (Line Drive, 8LS, EV 96.2 MPH)
Gabriel De La Garza scores
David Davis to third
Nathan Shallcross to second
David Davis scores
Nathan Shallcross to third
Batting: RHB Julian Lemur 0-0: Called Strike
0-1: Fly out, F9 (Flyball, 89D, EV 85.6 MPH)
Top of the 6th over - 4 runs, 3 hits, 1 error, 2 left on base; Irving 6 - Barton Springs 0
BOTTOM OF THE 6TH
Barton Springs Blues batting - Pitching for Irving Blue Sox : RHP Juan Gonzáles
Batting: LHB Ben Chell 0-0: Called Strike
0-1: Ball
1-1: Foul Ball, location: 2F
1-2: Ground out 3-1 (Groundball, 3S, EV 87.5 MPH)
Batting: RHB Shawn Mullins 0-0: Ball
1-0: Fly out, F7 (Line Drive, 7D, EV 91.9 MPH)
Batting: RHB Francisco Ortíz 0-0: Called Strike
0-1: Foul Ball, location: 2F
0-2: Foul Ball, location: 2F
0-2: Ball
1-2: Foul Ball, location: 2F
1-2: Fly out, F9 (Line Drive, 9D, EV 91.2 MPH)
Bottom of the 6th over - 0 runs, 0 hits, 0 errors, 0 left on base; Irving 6 - Barton Springs 0
TOP OF THE 7TH
Irving Blue Sox batting - Pitching for Barton Springs Blues : RHP Ralph Dunn
Batting: RHB Bob Hill 0-0: Foul Ball, location: 2F
0-1: SOLO HOME RUN (Flyball, 78XD, EV 100.6 MPH), Distance : 434 ft
Pinch Hitting: SHB Kevin Davis 0-0: Foul Ball, location: 2F
0-1: Ball
1-1: Foul Ball, location: 2F
1-2: Foul Ball, location: 2F
1-2: Ground out U3 (Groundball, 34, EV 101.2 MPH)
Batting: RHB Rubén Plumey 0-0: Called Strike
0-1: Called Strike
0-2: Ball
1-2: Foul Ball, location: 2F
1-2: Strikes out swinging
Batting: RHB Gabriel De La Garza 0-0: Called Strike
0-1: Ball
1-1: Fly out, F8 (Flyball, 8LD, EV 98.1 MPH)
Top of the 7th over - 1 run, 1 hit, 0 errors, 0 left on base; Irving 7 - Barton Springs 0
BOTTOM OF THE 7TH
Barton Springs Blues batting - Pitching for Irving Blue Sox : RHP Juan Gonzáles
Now in CF: Kevin Davis
Batting: SHB Fergus Stidston 0-0: Ball
1-0: Foul Ball, location: 2F
1-1: Ball
2-1: Foul Ball, location: 2F
2-2: Ball
3-2: Foul Ball, location: 2F
3-2: Foul Ball, location: 2F
3-2: Ground out 6-3 (Groundball, 6, EV 102.5 MPH)
Batting: RHB Ken Rodríguez 0-0: Foul Ball, location: 2F
0-1: Foul Ball, location: 2F
0-2: Strikes out swinging
Batting: RHB José González 0-0: Fly out, F8 (Flyball, 8RM, EV 89.4 MPH)
Bottom of the 7th over - 0 runs, 0 hits, 0 errors, 0 left on base; Irving 7 - Barton Springs 0
TOP OF THE 8TH
Irving Blue Sox batting - Pitching for Barton Springs Blues : RHP Ralph Dunn
Batting: SHB Alejandro De La Cerdo 0-0: DOUBLE (Flyball, 78D, EV 103.8 MPH)
Batting: RHB David Davis 0-0: Ball
1-0: Foul Ball, location: 2F
1-1: Ball
2-1: Swinging Strike
2-2: Foul Ball, location: 2F
2-2: Ground out 4-3 (Groundball, 4, EV 100.6 MPH)
Alejandro De La Cerdo to third
Pinch Hitting: LHB Ánibal Leobardo 0-0: Called Strike
0-1: Ball
1-1: Foul Ball, location: 2F
1-2: Strikes out swinging
Pinch Hitting: RHB Pat Kramer 0-0: Called Strike
0-1: Swinging Strike
0-2: Strikes out swinging
Top of the 8th over - 0 runs, 1 hit, 0 errors, 1 left on base; Irving 7 - Barton Springs 0
BOTTOM OF THE 8TH
Barton Springs Blues batting - Pitching for Irving Blue Sox : RHP Juan Gonzáles
Now in LF: Randy Baker
Now in RF: Pat Kramer
Pinch Hitting: RHB Vicente Colón 0-0: Called Strike
0-1: Ball
1-1: DOUBLE (Line Drive, 7LS, EV 106.9 MPH)
Batting: RHB Claudio Corona 0-0: Ball
1-0: Called Strike
1-1: Ball
2-1: Ground out 6-3 (Groundball, 6S, EV 84.4 MPH)
Pitching: RHP Kevin Moran
Pinch Hitting: RHB Joe Smith 0-0: Called Strike
0-1: TRIPLE (Flyball, 9D, EV 96.9 MPH)
Vicente Colón scores
Batting: LHB Ben Chell 0-0: Ball
1-0: Ball
2-0: Swinging Strike
2-1: Foul Ball, location: 2F
2-2: Fly out, F8 (Line Drive, 8RD, EV 97.5 MPH)
Runner from 3rd tags up, SCORES, throw by CF
Batting: RHB Shawn Mullins 0-0: Ball
1-0: Called Strike
1-1: Fly out, F6 (Popup, 56, EV 56.9 MPH)
Bottom of the 8th over - 2 runs, 2 hits, 0 errors, 0 left on base; Irving 7 - Barton Springs 2
TOP OF THE 9TH
Irving Blue Sox batting - Pitching for Barton Springs Blues : RHP Ralph Dunn
Now in LF: Joe Smith
Now in RF: Vicente Colón
Batting: RHB Julian Lemur 0-0: Ball
1-0: Fly out, F8 (Line Drive, 8LD, EV 90.6 MPH)
Batting: RHB Bob Hill 0-0: Fly out, F8 (Flyball, 8RD, EV 96.9 MPH)
Batting: SHB Kevin Davis 0-0: Swinging Strike
0-1: Ball
1-1: Ground out 4-3 (Groundball, 4D, EV 102.5 MPH)
Top of the 9th over - 0 runs, 0 hits, 0 errors, 0 left on base; Irving 7 - Barton Springs 2
BOTTOM OF THE 9TH
Barton Springs Blues batting - Pitching for Irving Blue Sox : RHP Kevin Moran
Batting: RHB Francisco Ortíz 0-0: Swinging Strike
0-1: Ball
1-1: Ground out 6-3 (Groundball, 6, EV 106.9 MPH)
Batting: SHB Fergus Stidston 0-0: Called Strike
0-1: Ball
1-1: Ball
2-1: Foul Ball, location: 2F
2-2: SINGLE (Flyball, 89S, EV 83.1 MPH)
Batting: RHB Ken Rodríguez 0-0: Ball
1-0: Ball
2-0: Grounds into double play, 5-4-3 (Groundball, 56, EV 98.8 MPH)
Bottom of the 9th over - 0 runs, 1 hit, 0 errors, 0 left on base; Irving 7 - Barton Springs 2
Friday, March 26th, 2021 - OOTP Baseball 20.8 Build 74